 Dungeon Crawl Stone Soup version 0.28-a0-1227-ga9037bb4c8 (webtiles) character file.

Game seed: 14379467603565828577

87 ChaosChampion the Grave Robber (level 4, -1/30 HPs)
             Began as a Mummy Necromancer on Dec 22, 2021.
             Slain by a river rat (4 damage)
             ... in a sewer.
             The game lasted 00:04:02 (3053 turns).

ChaosChampion the Grave Robber (Mummy Necromancer)  Turns: 3053, Time: 00:04:03

Health: -1/30      AC:  2    Str: 11    XL:     4   Next: 28%
Magic:  0/9        EV: 12    Int: 16    God:
Gold:   115        SH:  0    Dex: 12    Spells: 9/10 levels left

rFire   x . .      SeeInvis .   (no weapon)
rCold   + + .      Faith    .   (no shield)
rNeg    + + +      Spirit   .   a - +0 robe
rPois   ∞          Reflect  .   (no helmet)
rElec   .          Harm     .   (no cloak)
rCorr   .          Rampage  .   (no gloves)
Will    .....                   (no boots)
Stlth   ++........              (no amulet)
HPRegen 0.10/turn               c - ring of protection from cold
MPRegen 0.11/turn               (no ring)

@: no status effects
A: cold resistance 1, negative energy resistance 3, torment resistance 2, heat
vulnerability 1, no potions
a: no special abilities


You were in a sewer.
You visited 1 branch of the dungeon, and saw 3 of its levels.
You also visited: Sewer.

You collected 115 gold pieces.

Inventory:

Missiles
 b - 17 poisoned darts (quivered)
Armour
 a - a +0 robe (worn)
Jewellery
 c - a ring of protection from cold (left hand)
Scrolls
 d - a scroll of enchant weapon {unknown}
 e - a scroll of amnesia {unknown}
 f - a scroll of magic mapping {unknown}
 g - a scroll of fear {unknown}
 h - a scroll of fog {unknown}


   Skills:
 + Level 2.3 Dodging
 + Level 2.4 Stealth
 + Level 3.6 Spellcasting
 + Level 4.5 Necromancy


You had 9 spell levels left.
You knew the following spells:

 Your Spells              Type           Power      Damage    Failure   Level
a - Pain                  Necr           68%        1d7       2%          1

Your spell library contained the following spells:

 Spells                   Type           Power      Damage    Failure   Level
 Animate Skeleton         Necr           34%        N/A       2%          1
 Vampiric Draining        Necr           17%        2d7       9%          3
 Animate Dead             Necr           8%         N/A       26%         4
 Agony                    Necr           17%        N/A       58%         5


Dungeon Overview and Level Annotations

Branches:
Dungeon (3/15)              Sewer (1/1)

Altars:
Beogh

Shops:
D:2 [


Innate Abilities, Weirdness & Mutations

You are immune to poison.
Your flesh is cold resistant. (rC+)
You are immune to negative energy. (rN+++)
You are immune to unholy pain and torment.
You are vulnerable to heat. (rF-)
You do not drink.


Message History

You kill the rat!
The river rat closely misses you.
Casting: Pain (safe; 2% risk of failure)
Confirm with . or Enter, or press ? or * to list all spells.
Aiming: Pain (safe; 2% risk of failure)
Press: ? - help, Shift-Dir - straight line, f - river rat
Aim: a river rat (chance to affect: 82%)
The river rat writhes in agony.
The river rat bites you.
* * * LOW HITPOINT WARNING * * *
Casting: Pain (safe; 2% risk of failure)
Confirm with . or Enter, or press ? or * to list all spells.
Aiming: Pain (safe; 2% risk of failure)
Press: ? - help, Shift-Dir - straight line, f/p - river rat
Aim: a river rat (lightly wounded, chance to affect: 82%)
The river rat writhes in agony.
The river rat barely misses you.
Casting: Pain (safe; 2% risk of failure)
Confirm with . or Enter, or press ? or * to list all spells.
You don't have enough magic to cast this spell.
The river rat bites you.
* * * LOW HITPOINT WARNING * * *
Throw: 18 darts (poison)
Press: ? - help, Q - select action, (/) - cycle Shift-Dir - straight line, f/p - river rat
Aim: a river rat (heavily wounded, 52% to hit)
You throw a poisoned dart.
The poisoned dart barely misses the river rat.
The river rat barely misses you.
Casting: Pain (safe; 2% risk of failure)
Confirm with . or Enter, or press ? or * to list all spells.
Aiming: Pain (safe; 2% risk of failure)
Press: ? - help, Shift-Dir - straight line, f/p - river rat
Aim: a river rat (heavily wounded, chance to affect: 82%)
The river rat writhes in agony.
The river rat bites you.
* * * LOW HITPOINT WARNING * * *
Casting: Pain (safe; 2% risk of failure)
Confirm with . or Enter, or press ? or * to list all spells.
Aiming: Pain (safe; 2% risk of failure)
Press: ? - help, Shift-Dir - straight line, f/p - river rat
Aim: a river rat (severely wounded, chance to affect: 82%)
The river rat writhes in agony.
The river rat bites you.
You die...

≈≈≈≈≈≈≈≈≈≈≈≈≈≈≈≈≈≈≈
≈≈≈≈≈≈≈≈≈≈≈≈≈≈≈≈≈≈≈≈≈≈≈≈
≈≈≈≈≈....≈≈≈≈≈≈≈≈≈≈≈≈≈≈≈
≈≈≈≈.≈.....≈≈.≈≈≈≈≈≈≈≈≈≈
≈≈..≈...........≈.≈≈≈≈≈≈
....................≈.≈.
†.†.....................
#.......................
##.......##....r@.......
#...##..#####......###..
..#####..######...## ###
##..∩# ##### #####


You could see a river rat.

Vanquished Creatures
  A river rat (Sewer)
  4 dart slugs
  4 orcs (D:2)
  3 ball pythons
  7 endoplasms
  5 giant cockroaches (D:3)
  5 goblins
  2 hobgoblins
  2 jackals (D:2)
  A quokka (D:2)
  5 bats
  5 frilled lizards
  4 kobolds
  16 rats
64 creatures vanquished.

Notes
Turn   | Place    | Note
-------+----------+-------------------------------------------
     0 | D:1      | ChaosChampion the Mummy Necromancer began the quest for the
                  | Orb.
     0 | D:1      | Reached XP level 1. HP: 13/13 MP: 4/4
   252 | D:1      | Reached XP level 2. HP: 19/19 MP: 5/5
  1085 | D:2      | Reached XP level 3. HP: 6/24 MP: 0/7
  1341 | D:2      | Found a faded altar of an unknown god.
  1814 | D:2      | Found Weenky Dexui's Antique Armour Shoppe.
  2810 | D:3      | Reached XP level 4. HP: 30/30 MP: 4/9
  2926 | D:3      | Found a glowing drain.
  2936 | Sewer    | Entered a sewer
  3053 | Sewer    | Slain by a river rat

Illustrated notes

Levels and vault maps discovered:
D:1:      dpeg_arrival_tiny_k, layout_rooms
D:2:      kennysheep_six_static_rooms, layout_loops_ring, serial_shops,
          nicolae_shop_waterfront, hellmonk_ecumenical_altar_defaced_shrine
D:3:      layout_loops_ring, portal_sewer_entry_e, minmay_surrounded
Sewer:    sewer_minmay_treatment

Skill      XL: |  1  2 |
---------------+-------+-----
Spellcasting   | 3 |  3.6
Stealth        | 2 |  2.4
Dodging        | 2 |  2.3
Necromancy     | |  4.5

Action                   |  1- 3 |  4- 6 || total
-------------------------+-------+-------++-------
Melee: Unarmed           |    10 |    11 ||    21
Throw: Dart              |    64 |    27 ||    91
 Cast: Pain              |    78 |    19 ||    97
Armor: Robe              |     4 |     6 ||    10
Dodge: Dodged            |    28 |    20 ||    48

Table legend: (Time is in decaauts)
 A = Elapsed time spent in this place.
 B = Non-inter-level travel time spent in this place.
 C = Inter-level travel time spent in this place.
 D = Time resting spent in this place.
 E = Time spent auto-exploring this place.
 F = Levels seen in this place.
 G = Mean time per level.
                   A        B        C        D        E       F      G
               +--------+--------+--------+--------+--------+-----+--------+
         Total |   3055 |   2974 |     81 |      0 |   2407 |   4 |  763.8 |
       Dungeon |   2938 |   2857 |     81 |      0 |   2349 |   3 |  979.3 |
         Sewer |    116 |    116 |      0 |      0 |     58 |   1 |  116.0 |
               +--------+--------+--------+--------+--------+-----+--------+

Top non-repeatable levels by time:
     D:2: 1428 daAuts
     D:1: 1015 daAuts
     D:3: 494 daAuts
   Sewer: 116 daAuts
